Map: Dusk Towers

Players

Solipsis

  • Race: Terran Terran
  • League: Silver

TingPuff - Winner!

  • Race: Terran Terran
  • League: Gold

VOD

Have the link to the VOD?

Description

Time

  • Played on: Dec. 4, 2015, 4:52 a.m.
  • Length: 6:10
Show
View Real Time Build Order
Export as new Build Order

Solipsis Terran 

Build Orders:  

Get SALT Encoding   

  12  0:02  SCV  
  13  0:20  SCV  
  14  0:30  Supply Depot  
  14  0:33  SCV  
  15  0:37  Refinery  
  15  0:51  SCV  
  15  0:56  Barracks  
  16  1:03  SCV  
  17  1:08  Supply Depot  
  17  1:13  Supply Depot  
  17  1:25  Barracks  
  17  1:34  SCV  
  18  1:47  SCV, Barracks, Marine  
  20  2:05  Marine  
  21  2:20  Barracks  
  21  2:23  Marine  
  21  2:29  Barracks Reactor  
  22  2:30  Supply Depot  
  22  2:40  Marine  
  22  2:41  Marine  
  23  2:58  Marine  
  23  2:59  Marine  
  23  3:04  Barracks  
  25  3:08  Marine x2  
  25  3:10  Barracks Reactor  
  27  3:16  Marine x2  
  29  3:26  Marine x2  
  32  3:34  Marine  
  32  3:44  Marine  
  32  3:45  Barracks  
  33  3:52  Marine  
  33  3:53  Marine x4  
  38  3:56  Barracks Reactor  
  38  4:02  Marine  
  38  4:10  Marine  
  39  4:22  Supply Depot  
  39  4:28  Supply Depot  
  39  4:33  Marine  
  39  4:34  Marine x3  
  39  4:36  Marine x2  
  34  4:41  Barracks Reactor  
  34  4:55  Marine x2  
  34  4:59  Bunker  
  36  5:06  Orbital Command  
  36  5:11  Marine  
  37  5:15  Marine  
  37  5:16  Marine  
  19  5:44  Marine x5  
  19  5:45  Marine x2  
  22  5:53  SCV  
Show
View Real Time Build Order
Export as new Build Order

TingPuff Terran - Winner!

Build Orders: Banshee Rush 

Get SALT Encoding   

  12  0:02  SCV  
  13  0:14  Supply Depot  
  13  0:18  SCV  
  14  0:30  SCV  
  15  0:37  Barracks  
  15  0:42  Refinery  
  15  0:45  SCV  
  16  0:54  Refinery  
  16  0:57  SCV  
  17  1:09  SCV  
  18  1:22  SCV  
  19  1:27  Reaper  
  19  1:32  Supply Depot  
  20  1:34  Orbital Command  
  20  1:51  Factory  
  20  1:59  Reaper  
  21  2:08  Supply Depot  
  21  2:12  SCV  
  22  2:24  SCV  
  23  2:32  Barracks Tech Lab  
  23  2:35  Hellion, Starport  
  25  3:01  SCV  
  26  3:06  Hellion  
  28  3:24  Bunker  
  28  3:37  Marine  
  29  3:43  Widow Mine  
  29  3:44  Banshee, Cloaking Field  
  29  3:46  SCV  
  35  3:55  Marine  
  36  4:06  Supply Depot  
  36  4:12  Marine  
  37  4:27  Barracks  
  37  4:39  Command Center  
  37  4:44  Factory Tech Lab  
  37  4:46  Banshee  
  37  4:47  Marine  
  41  4:53  SCV  
  42  5:05  Marine  
  43  5:22  Marine  
  43  5:23  Marine  
  45  5:32  Supply Depot  
  45  5:40  Marine  
  45  5:41  Marine  
  47  5:54  Supply Depot  
  50  6:00  Supply Depot  
Tags
 
Add a new tag
Caveats
  • Supply blocks, unpowered buildings, or Contaminate may cause inaccurate times.
  • Supply counts are checked every 10 seconds.